 Dungeon Sprint DCSS version 0.31-a0-7-g51783674b7 (webtiles) character file.

Game seed: 3677377254208918905

1255 sircluck the Cleaver (level 8, -6/82 HPs)
             Began as a Hill Orc Fighter on May 5, 2023.
             Was an Initiate of Nemelex Xobeh.
             Succumbed to Sonja's curare-tipped dart
             ... in the Dungeon (Sprint I: "Red Sonja").
             The game lasted 00:02:58 (539 turns).

sircluck the Cleaver (Hill Orc Fighter)              Turns: 539, Time: 00:02:59

Health: -6/82      AC:  8    Str: 21    XL:     8   Next: 51%
Magic:  8/8        EV: 10    Int:  8    God:    Nemelex Xobeh [......]
Gold:   437        SH:  6    Dex: 10    Spells: 7/7 levels left

rFire   . . .        a - +0 war axe
rCold   . . .        c - +0 buckler
rNeg    . . .        b - +0 scale mail
rPois   .            (no helmet)
rElec   .            (no cloak)
rCorr   .            (no gloves)
SInv    .            (no boots)
Will    .....        (no amulet) Stlth
                     (no ring)
HPRegen 0.33/turn    (no ring)
MPRegen 0.11/turn

%: no teleportation
@: lethally poisoned (-6 -> -39), slowed, very slow
A: no striking features
a: Renounce Religion, Draw Escape, Draw Destruction, Draw Summoning


You were in the Dungeon.
You worshipped Nemelex Xobeh.
Nemelex Xobeh was noncommittal.
You visited 1 branch You collected 437 gold pieces.

Inventory:

Hand Weapons
 a - a +0 war axe (weapon)
Armour
 b - a +0 scale mail (worn)
 c - a +0 buckler (worn)
Wands
 k - a wand of iceblast (1)
Scrolls
 j - a scroll of blinking
Potions
 d - a potion of might
 e - a potion of curing
 g - a potion of haste
 h - 2 potions of magic
 i - a potion of berserk rage


   Skills:
 + Level 11.4 Fighting
 + Level 13.6 Axes
 + Level 10.2 Armour
 + Level 2.9 Dodging
 + Level 1.0 Stealth
 + Level 8.8 Shields
 + Level 0.3 Evocations


You had 7 spell levels left.
You didn't know any spells.
Your spell library was empty.

Dungeon Overview and Level Annotations

Branches:
Dungeon (1/1)

Altars:
Cheibriados
Dithmenos
Elyvilon
Fedhas
Gozag
Hepliaklqana
Kikubaaqudgha
Makhleb
Nemelex Xobeh
Okawaru
Qazlal
Ru
Sif Muna
Trog
Uskayaw
Vehumet
Wu Jian
Xom
Yredelemnul
Zin
The Shining One
Jiyva
Lugonu

Shops:
D !


Message History

You block Sonja's attack. Sonja hits you but does no damage.
Sonja barely misses you.
Sonja hits you with a +2 dagger of venom!
Sonja hits you with a +2 dagger of venom.
You are more poisoned.
You closely miss Sonja.
You feel extremely sick.
Sonja hits you with a +2 dagger of venom.
You are more poisoned.
Sonja hits you but does no damage.
You are more poisoned.
Sonja hits you with a +2 dagger of venom.
You are lethally poisoned!
Sonja casts a spell.
Sonja blinks!
You feel extremely sick.
* * * LOW HITPOINT WARNING * * *
You feel extremely sick.
You see here 27 gold pieces.
Aiming: Iceblast
Press: ? - help, Q - select action, (/) - cycle Shift-Dir - straight line, f - Sonja
Aim: Sonja, wielding a +2 dagger of venom and quivering curare-tipped darts The mass of ice explodes!
The iceblast engulfs Sonja!
Sonja is heavily wounded.
* * * LOW HITPOINT WARNING * * *
You feel extremely sick.
Sonja shouts, "Too slow!"
Sonja throws a curare-tipped dart.
You block the curare-tipped dart.
Sonja throws a curare-tipped dart.
The curare-tipped dart hits you.
You are more poisoned.
You have difficulty breathing.
* * * LOW HITPOINT WARNING * * *
You feel as though you will be slow longer.
Aiming: Iceblast
Press: ? - help, Q - select action, (/) - cycle Shift-Dir - straight line, f/p - Sonja
Aim: Sonja, wielding a +2 dagger of venom and quivering curare-tipped darts (heavily wounded)
The mass of ice explodes!
The iceblast engulfs Sonja!!
You kill Sonja!
You die...
Your body disappears without a glow.

#..#####'#####'#__####...+
#..####..#...#.#### #####
#..#__####..##.#
#..#_____##'#_.+
#⌠⌠#_.∩...'..._#
####_..__##_.#'#
#_____###)#)#
#########.### +@.$+ #$.$#
##.## #+#


There were no monsters in sight!

Vanquished Creatures
  Sonja (D)
  2 kobold demonologists (D)
  Sigmund (D)
  A slime creature (D)
  A yak (D)
  A floating eye (D)
  An ogre (D)
  A jelly (D)
  Ijyb (D)
10 creatures vanquished.

Notes
Turn   | Place    | Note
-------+----------+-------------------------------------------
     0 | D        | sircluck the Hill Orc Fighter began the quest for the Orb.
     0 | D        | Reached XP level 1. HP: 19/19 MP: 1/1
     2 | D        | Noticed Ijyb
    14 | D        | Killed Ijyb
    15 | D        | Reached skill level 5 in Fighting
    15 | D        | Reached skill level 4 in Axes
    15 | D        | Reached XP level 2. HP: 22/29 MP: 2/2
    15 | D        | Reached XP level 3. HP: 27/36 MP: 3/3
    49 | D        | Noticed an ogre
    53 | D        | Killed an ogre
    54 | D        | Reached skill level 6 in Axes
    54 | D        | Reached skill level 5 in Armour
    54 | D        | Reached XP level 4. HP: 34/47 MP: 4/4
   105 | D        | Noticed Sigmund
   110 | D        | Killed Sigmund
   111 | D        | Reached skill level 8 in Axes
   111 | D        | Reached skill level 1 in Dodging
   111 | D        | Reached XP level 5. HP: 42/56 MP: 5/5
   111 | D        | Reached XP level 6. HP: 46/62 MP: 6/6
   135 | D        | Found an ornate altar of the Wu Jian Council.
   135 | D        | Found a shimmering blue altar of Sif Muna.
   137 | D        | Found a radiant altar of Vehumet.
   151 | D        | Found a burning altar of Makhleb.
   151 | D        | Found a viscous altar of Jiyva.
   151 | D        | Found a shimmering altar of Xom.
   151 | D        | Found a corrupted altar of Lugonu.
   151 | D        | Noticed a slime creature
   158 | D        | HP: 2/63 [slime creature (10)]
   161 | D        | Killed a slime creature
   162 | D        | Reached skill level 10 in Axes
   162 | D        | Reached XP level 7. HP: 38/71 MP: 7/7
   279 | D        | Found Hopral's Distillery.
   279 | D        | Found an ancient bone altar of Kikubaaqudgha.
   279 | D        | Found a hazy altar of Hepliaklqana.
   279 | D        | Found a stormy altar of Qazlal.
   279 | D        | Found a hide-covered altar of Uskayaw.
   279 | D        | Found a blossoming altar of Fedhas.
   279 | D        | Found a bloodstained altar of Trog.
   279 | D        | Found an iron altar of Okawaru.
   279 | D        | Found a basalt altar of Yredelemnul.
   279 | D        | Found a glowing golden altar of the Shining One.
   279 | D        | Found a snail-covered altar of Cheibriados.
   279 | D        | Found a sacrificial altar of Ru.
   279 | D        | Found a glowing silver altar of Zin.
   279 | D        | Found a shadowy altar of Dithmenos.
   279 | D        | Found a white marble altar of Elyvilon.
   279 | D        | Noticed a yak
   292 | D        | Killed a yak
   293 | D        | Reached skill level 10 in Fighting
   293 | D        | Reached skill level 11 in Axes
   293 | D        | Found an opulent altar of Gozag.
   302 | D        | Found a sparkling altar of Nemelex Xobeh.
   328 | D        | Became a worshipper of Nemelex Xobeh the Trickster
   361 | D        | Noticed a kobold demonologist
   361 | D        | Noticed a kobold demonologist
   374 | D        | Noticed a soul eater
   379 | D        | Killed a kobold demonologist
   380 | D        | Reached skill level 12 in Axes
   380 | D        | Reached XP level 8. HP: 33/82 MP: 8/8
   385 | D        | Killed a kobold demonologist
   386 | D        | Reached skill level 13 in Axes
   386 | D        | Reached skill level 10 in Armour
   386 | D        | Reached skill level 1 in Stealth
   532 | D        | Noticed Sonja
   539 | D        | Killed Sonja
   539 | D        | Succumbed to Sonja's curare-tipped dart

Illustrated notes

Levels and vault maps discovered:
D:        dungeon_sprint_1 [red_sonja_temple_1, red_sonja_temple_small_1]

Skill      XL: |  1  2  3  4  5  6  7  8 |
---------------+-------------------------+-----
Fighting       | 5 7 8 9 11 | 11.4
Axes           | 4 6 8 10 12 13 | 13.6
Armour         | 4 5 7 8 9 10 | 10.2
Shields        | 4 6 7 8 |  8.8
Dodging        | 1 2 |  2.9
Stealth        | 1 |  1.0
Evocations     | |  0.3

Action                     |  1- 3 |  4- 6 |  7- 9 || total
---------------------------+-------+-------+-------++-------
  Melee: War axe           |    14 |    14 |    36 ||    64
  Evoke: Wand              |     1 |       |     2 ||     3
    Use: Potion            |       |     1 |       ||     1
 Armour: Scale mail        |     1 |     2 |    22 ||    25
  Dodge: Dodged            |     5 |     3 |    19 ||    27
  Block: Buckler           |     6 |     4 |    10 ||    20

Table legend: (Time is in decaauts)
 A = Elapsed time spent in this place.
 B = Non-inter-level travel time spent in this place.
 C = Inter-level travel time spent in this place.
 D = Time resting spent in this place.
 E = Time spent auto-exploring this place.
 F = Levels seen in this place.
 G = Mean time per level.
                   A        B        C        D        E       F      G
               +--------+--------+--------+--------+--------+-----+--------+
         Total |    547 |    525 |     22 |    133 |      0 |   1 |  547.0 |
       Dungeon |    547 |    525 |     22 |    133 |      0 |   1 |  547.0 |
               +--------+--------+--------+--------+--------+-----+--------+

Top non-repeatable levels by time:
       D: 547 daAuts
